Workbook

Sheet Лист1
D1: Додаток 1 до Національного положення (стандарту) бухгалтерського обліку в державному секторі 101 «Подання фінансової звітності»
D5: КОДИ
B6: Дата (рік, місяць, число) | D6: 2019 | E6: 7 | F6: 10
A7: Установа/бюджет | B7: =[1]ЗАПОЛНИТЬ!B3 -> Виконавчий комітет Саксаганської районної у місті ради | C7: за ЄДРПОУ | D7: =[1]ЗАПОЛНИТЬ!B13 -> 05410872
A8: Територія | B8: =[1]ЗАПОЛНИТЬ!B5 -> Дніпропетровська обл., м.Кривий Ріг, Саксаганський район, вул. Володимира Великого, 32 | C8: за КОАТУУ | D8: =[1]ЗАПОЛНИТЬ!B14 -> 1211037000
A9: Організаційно-правова форма господарювання | B9: =[1]ЗАПОЛНИТЬ!D15 -> Орган місцевого самоврядування | C9: за КОПФГ | D9: =[1]ЗАПОЛНИТЬ!B15 -> 420
A10: Орган державного управління | C10: за КОДУ
A11: Вид економічної діяльності | C11: за КВЕД
A12: Одиниця виміру: грн.
A13: Періодичність: проміжна, річна
A14: БАЛАНС
A15: =CONCATENATE("на ",[1]ЗАПОЛНИТЬ!$B$18," ",LEFT([1]ЗАПОЛНИТЬ!$C$18,4)," року") -> на 1 липня 2019 року
E16: Форма № 1-дс
A17: АКТИВ | D17: Код рядка | E17: На початок звітного періоду | F17: На кінець звітного періоду
A18: 1 | D18: 2 | E18: 3 | F18: 4
A19: І. НЕФІНАНСОВІ АКТИВИ
A20: Основні засоби: | D20: 1000 | E20: =E21-E22 -> 36081870 | F20: =F21-F22 -> 36971380
A21: первісна вартість | D21: 1001 | E21: 41970663 | F21: ='[2]6'!$E$28+'[2]6'!$G$28+'[2]6'!$I$28+'[2]6'!$K$28+'[2]6'!$M$28+'[2]6'!$O$28+'[2]6'!$Q$28 -> 43068706
A22: знос | D22: 1002 | E22: 5888793 | F22: ='[2]6'!$X$28+'[2]6'!$Z$28 -> 6097325.1
A23: Інвестиційна нерухомість | D23: 1010 | E23: =E24-E25 -> 0 | F23: =F24-F25 -> 0
A24: первісна вартість | D24: 1011 | E24: 0 | F24: 0
A25: знос | D25: 1012 | E25: 0 | F25: 0
A26: Нематеріальні активи: | D26: 1020 | E26: =E27-E28 -> 0 | F26: =F27-F28 -> 0
A27: первісна вартість | D27: 1021 | E27: 0 | F27: 0
A28: накопичена амортизація | D28: 1022 | E28: 0 | F28: 0
A29: Незавершені капітальні інвестиції | D29: 1030 | E29: 0 | F29: ='[2]6'!$S$28 -> 2750
A30: Довгострокові біологічні активи | D30: 1040 | E30: =E31-E32 -> 0 | F30: =F31-F32 -> 0
A31: первісна вартість | D31: 1041 | E31: 0 | F31: 0
A32: накопичена амортизація | D32: 1042 | E32: 0 | F32: 0
A33: Запаси | D33: 1050 | E33: 197936 | F33: ='[2]6'!$AC$28+'[2]6'!$AE$28 -> 257987.82
A34: Виробництво | D34: 1060 | E34: 0 | F34: 0
A35: Поточні біологічні активи | D35: 1090 | E35: 0 | F35: 0
A36: Усього за розділом І | D36: 1095 | E36: =E35+E34+E33+E30+E29+E26+E23+E20 -> 36279806 | F36: =F35+F34+F33+F30+F29+F26+F23+F20 -> 37232118
A37: ІІ ФІНАНСОВІ АКТИВИ
A38: Довгострокова дебіторська заборгованість | D38: 1100 | E38: 0 | F38: 0
A39: Довгострокові фінансові інвестиції, у тому числі: | D39: 1110 | E39: =SUM(E40:E41) -> 0 | F39: =SUM(F40:F41) -> 0
A40: цінні папери, крім акцій | D40: 1111
A41: акції та інші форми участі в капіталі | D41: 1112
A43: Поточна дебіторська заборгованість
A44: за розрахунками з бюджетом | D44: 1120 | E44: 0 | F44: 0
A45: за розрахунками за товари, роботи, послуги | D45: 1125 | E45: 0 | F45: -
A46: за наданими кредитами | D46: 1130 | E46: 0 | F46: 0
A47: за виданими авансами | D47: 1135 | E47: 0 | F47: ='[2]6'!$BG$28 -> 7728
A48: за розрахунками із соціального страхування | D48: 1140 | E48: 55425 | F48: ='[2]6'!$AI$28 -> 54658.36
A49: за внутрішніми розрахунками | D49: 1145 | E49: 0 | F49: 0
A50: інша поточна дебіторська заборгованість | D50: 1150 | E50: 0 | F50: ='[2]6'!$AQ$28 -> 11.82
A51: Поточні фінансові інвестиції | D51: 1155 | E51: 0 | F51: 0
A52: Грошові кошти та їх еквіваленти розпорядників бюджетних коштів та державних цільових фондів у:
A53: національній валюті, у тому числі в: | D53: 1160 | E53: =SUM(E54:E56) -> 161463 | F53: =SUM(F54:F56) -> 162845.1
A54: касі | D54: 1161 | E54: 153111 | F54: ='[2]6'!$AU$28 -> 131988.85
A55: казначействі | D55: 1162 | E55: =ROUND([1]Ф.2.ЗВЕД!F23+[1]Ф.4.1.ЗВЕД!E23-[1]Ф.4.1.ЗВЕД!F23+[1]Ф.4.2.ЗВЕД!E22-[1]Ф.4.2.ЗВЕД!F22+[1]Ф.4.3.ЗВЕД!F22-[1]Ф.4.3.ЗВЕД!G22+[1]Ф.4.4.ЗВЕД!E20+[1]Ф.4.3.1.ЗВЕД!G22,0) -> 8352 | F55: ='[2]6'!$AW$28+'[2]6'!$AY$28+'[2]6'!$BA$28 -> 30856.25
A56: установах банків | D56: 1163 | E56: =ROUND([1]Ф.4.1.ЗВЕД!F23+[1]Ф.4.2.ЗВЕД!F22+[1]Ф.4.3.ЗВЕД!G22,0) -> 0 | F56: =ROUND([1]Ф.4.1.ЗВЕД!R23+[1]Ф.4.2.ЗВЕД!N22+[1]Ф.4.3.ЗВЕД!N22,0) -> 0
A57: дорозі | D57: 1164 | E57: 0 | F57: 0
A58: іноземній валюті | D58: 1165 | E58: 0 | F58: 0
A59: Кошти бюджетів та інших клієнтів на:
A60: єдиному казначейському рахунку | D60: 1170 | E60: 0 | F60: 0
A61: рахунках в установах банків у тому числі в: | D61: 1175 | E61: =SUM(E62:E63) -> 0 | F61: =SUM(F62:F63) -> 0
A62: національній валюті | D62: 1176 | E62: 0 | F62: 0
A63: іноземній валюті | D63: 1177 | E63: 0 | F63: 0
A64: Інші фінансові активи | D64: 1180 | E64: 0 | F64: 0
A65: Усього за розділом ІІ | D65: 1195 | E65: =E64+E61+E60+E58+E53+E51+SUM(E44:E50)+E39+E38 -> 216888 | F65: =F64+F61+F60+F58+F53+F51+SUM(F44:F50)+F39+F38 -> 225243.28
A66: ІІІ ВИТРАТИ МАЙБУТНІХ ПЕРІОДІВ | D66: 1200 | E66: 0 | F66: 0
A67: БАЛАНС | D67: 1300 | E67: =E66+E65+E36 -> 36496694 | F67: =F66+F65+F36 -> 37457362 | H67: =IF(E67=E97,"","Актив не дорівнює пасиву на початок звітного періоду")
A68: ПАСИВ | D68: Код рядка | E68: На початок звітного періоду | F68: На кінець звітного періоду | H68: =IF(F67=F97,"","Актив не дорівнює пасиву на кінець звітного періоду")
A69: 1 | D69: 2 | E69: 3 | F69: 4
A70: І. ВЛАСНИЙ КАПІТАЛ ТА ФІНАНСОВИЙ РЕЗУЛЬТАТ
A71: Внесений капітал | D71: 1400 | E71: 12587536 | F71: ='[2]6'!$BJ$28 -> 13589125
A72: Капітал у дооцінках | D72: 1410 | E72: 24192919 | F72: ='[2]6'!$BL$28 -> 24192919
A73: Фінансовий результат | D73: 1420 | E73: -339186 | F73: =-'[2]6'!$BM$28-'[2]6'!$BO$28 -> -384590.66
A74: Капітал у підприємствах | D74: 1430 | E74: 0 | F74: 0
A75: Резерви | D75: 1440 | E75: 0 | F75: 0
A76: Цільове фінансування | D76: 1450 | E76: 0 | F76: ='[2]6'!$BR$28 -> 2750
A77: Усього за розділом І | D77: 1495 | E77: =SUM(E71:E76) -> 36441269 | F77: =SUM(F71:F76) -> 37400203
A78: II. ЗОБОВ'ЯЗАННЯ
A79: Довгострокові зобов’язання:
A80: за цінними паперами | D80: 1500 | E80: 0 | F80: 0
A81: за кредитами | D81: 1510 | E81: 0 | F81: 0
A82: інші довгострокові зобов’язання | D82: 1520 | E82: 0 | F82: 0
A83: Поточна заборгованість за довгостроковими зобов’язаннями | D83: 1530 | E83: 0 | F83: 0
A84: Поточні зобов’язання:
A85: за платежами до бюджету | D85: 1540 | E85: 10808 | F85: ='[2]6'!$BZ$28+'[2]6'!$CB$28 -> 10658.37
A86: за розрахунками за товари, роботи, послуги | D86: 1545 | E86: 0 | F86: ='[2]6'!$BT$28 -> 2500
A87: за кредитами | D87: 1550 | E87: 0 | F87: 0
A88: за одержаними авансами | D88: 1555 | E88: 0 | F88: 0
A89: за розрахунками з оплати праці | D89: 1560 | E89: 44617 | F89: ='[2]6'!$CX$28 -> 43999.99
A90: за розрахунками із соціального страхування | D90: 1565 | E90: 0 | F90: 0
A91: за внутрішніми розрахунками | D91: 1570 | E91: 0 | F91: 0
A92: інші поточні зобов’язання, з них: | D92: 1575 | E92: 0 | F92: 0
A93: за цінними паперами | D93: 1576 | E93: 0 | F93: 0
A94: Усього за розділом ІІ | D94: 1595 | E94: =SUM(E85:E92)+SUM(E80:E82)+E83 -> 55425 | F94: =SUM(F85:F92)+SUM(F80:F82)+F83 -> 57158.36
A95: ІІІ. ЗАБЕЗПЕЧЕННЯ | D95: 1600 | E95: 0 | F95: 0
A96: ІV. ДОХОДИ МАЙБУТНІХ ПЕРІОДІВ | D96: 1700 | E96: 0 | F96: 0
A97: БАЛАНС | D97: 1800 | E97: =E96+E95+E94+E77 -> 36496694 | F97: =F96+F95+F94+F77 -> 37457362
A100: Керівник (посадова особа) | D100: =[1]ЗАПОЛНИТЬ!F26 -> І.І. Криворотній
B101: (підпис) | D101: (ініціали та прізвище)
A102: Головний бухгалтер (спеціаліст,
A103: на якого покладено виконання
A104: обов’язків бухгалтерської служби) | D104: =[1]ЗАПОЛНИТЬ!F28 -> Н.В. Порохнява
B105: (підпис) | D105: (ініціали та прізвище)
G107: =F67-F97 -> 0
